 Dungeon Crawl Stone Soup version 0.29-a0-2-g12fcac58f8 (webtiles) character file.

Game seed: 7516017115586697231

10 bande the Covered (level 2, -1/19 HPs)
             Began as a Gargoyle Fighter on Jan 27, 2022.
             Slain by a kobold (18 damage)
             ... on level 1 of the Dungeon.
             The game lasted 00:01:26 (910 turns).

bande the Covered (Gargoyle Fighter)                 Turns: 910, Time: 00:01:27

Health: -1/19      AC:  9    Str: 19    XL:     2   Next: 20%
Magic:  2/2        EV:  9    Int:  8    God:
Gold:   0          SH:  4    Dex:  9    Spells: 1/1 levels left

rFire   . . .      SeeInvis .   a - +0 war axe
rCold   . . .      Faith    .   c - +0 buckler
rNeg    + . .      Spirit   .   b - +0 scale mail
rPois   ∞          Reflect  .   (no helmet)
rElec   +          Harm     .   (no cloak)
rCorr   .          Rampage  .   (no gloves)
Will    .....                   (no boots)
Stlth   ..........              (no amulet)
HPRegen 0.06/turn               (no ring)
MPRegen 0.08/turn               (no ring)

@: no status effects
A: sickness immunity, AC +2, negative energy resistance 1, electricity
resistance, torment resistance 1, petrification resistance
a: no special abilities


You were on level 1 of the Dungeon.
You visited 1 branch of the dungeon, and saw 1 of its levels.

Inventory:

Hand Weapons
 a - a +0 war axe (weapon)
Armour
 b - a +0 scale mail (worn)
 c - a +0 buckler (worn)
Potions
 d - a potion of might
 e - a potion of brilliance {unknown}
 f - a potion of heal wounds {unknown}


   Skills:
 + Level 3.4 Fighting
 + Level 2.1 Axes
 + Level 3.5 Armour
 + Level 3.3 Shields


You had one spell level left.
You didn't know any spells.
Your spell library was empty.

Dungeon Overview and Level Annotations

Branches:
Dungeon (1/15)

Altars:

Shops:
D:1 (


Innate Abilities, Weirdness & Mutations

You are immune to sickness and miasma.
Your stone body is resilient. (AC +2)
You are immune to poison.
You resist negative energy. (rN+)
You are resistant to electric shocks. (rElec)
You are resistant to unholy torment.
You are immune to petrification.


Message History

No target in view!
No target in view!
No target in view!
You see here a frilled lizard corpse.
A hobgoblin comes into view.
The hobgoblin shouts!
You block the hobgoblin's attack.
You closely miss the hobgoblin. The hobgoblin closely misses you. x2
You barely miss the hobgoblin. The hobgoblin completely misses you.
You closely miss the hobgoblin.
The hobgoblin hits you but does no damage. x2
You barely miss the hobgoblin. The hobgoblin barely misses you.
You closely miss the hobgoblin. The hobgoblin closely misses you.
You slash the hobgoblin!
You kill the hobgoblin!
A rat comes into view.
You hit the rat.
The rat is heavily wounded.
You block the rat's attack.
You hit the rat.
You kill the rat!
No target in view!
No target in view!
No target in view!
No target in view!
You see here a rat corpse.
Found 5 atropa-tipped darts.
Found a robe.
No target in view!
No target in view!
No target in view!
A kobold comes into view.
It is wielding a +2 short sword of distortion.
The kobold throws a stone.
The stone hits you but does no damage.
A giant cockroach and a kobold come into view.
The kobold throws a stone.
The stone hits you but does no damage.
The kobold hits you with a +2 short sword of distortion.
You barely miss the kobold. The kobold hits you but does no damage.
Space warps horribly around you!!
Ouch! That really hurt!
You die...

### #
#...........
########
##...........
........
............
########
#...$.......
###
#....B......
..#+#
#..[....K...
....#+###
#.K......#
#.......#
#@..#
#'##.....
#.#.# #..#
##.. #.#.##
#..# # #.#..#
#..# #.##.##
#.<# #.##..#
#### +.###.#
### #.# #.##


You could see a giant cockroach and 2 kobolds.

Vanquished Creatures
  A bat (D:1)
  3 hobgoblins (D:1)
  A ball python (D:1)
  A frilled lizard (D:1)
  A kobold (D:1)
  4 rats (D:1)
11 creatures vanquished.

Vanquished Creatures (others)
  A bat (D:1)
1 creature vanquished.

Grand Total: 12 creatures vanquished

Notes
Turn   | Place    | Note
-------+----------+-------------------------------------------
     0 | D:1      | bande the Gargoyle Fighter began the quest for the Orb.
     0 | D:1      | Reached XP level 1. HP: 14/14 MP: 1/1
   292 | D:1      | Found Joppewn's Weapon Emporium.
   769 | D:1      | Reached XP level 2. HP: 19/19 MP: 2/2
   910 | D:1      | Slain by a kobold

Illustrated notes

Levels and vault maps discovered:
D:1:      dpeg_arrival_short_road, layout_basic, serial_shops,
          nicolae_shop_hallway_stairs, hangedman_feature_mirror,
          minmay_misc_feat_enclosed, lemuel_old_faithful

Skill      XL: |  1 |
---------------+----+-----
Axes           | 2 |  2.1
Fighting       | |  3.4
Armour         | |  3.5
Shields        | |  3.3

Action                   || total
-------------------------++-------
Melee: War axe           ||    48
Armor: Scale mail        ||    25
Dodge: Dodged            ||    27
Block: Buckler           ||    12

Table legend: (Time is in decaauts)
 A = Elapsed time spent in this place.
 B = Non-inter-level travel time spent in this place.
 C = Inter-level travel time spent in this place.
 D = Time resting spent in this place.
 E = Time spent auto-exploring this place.
 F = Levels seen in this place.
 G = Mean time per level.
                   A        B        C        D        E       F      G
               +--------+--------+--------+--------+--------+-----+--------+
         Total |    931 |    931 |      0 |    370 |    449 |   1 |  931.0 |
       Dungeon |    931 |    931 |      0 |    370 |    449 |   1 |  931.0 |
               +--------+--------+--------+--------+--------+-----+--------+

Top non-repeatable levels by time:
     D:1: 931 daAuts
